 Dungeon Crawl Stone Soup version 0.27.1-1-g398f81649c (webtiles) character file.

Game seed: 4966755999118919071

2720 Elvor the Cudgeller (level 9, -1/52 HPs)
             Began as a Gargoyle Artificer on Sept 10, 2021.
             Slain by a killer bee (6 damage)
             ... on level 7 of the Dungeon.
             The game lasted 01:26:42 (9635 turns).

Elvor the Cudgeller (Gargoyle Artificer)            Turns: 9635, Time: 01:26:43

Health: -1/52      AC: 21    Str: 19    XL:     9   Next: 66%
Magic:  9/11       EV: 10    Int: 12    God:
Gold:   313        SH:  0    Dex: 10    Spells: 8/11 levels left

rFire    . . .     SeeInvis .   F - +6 flail
rCold    . . .     Faith    .   (no shield)
rNeg     + . .     Spirit   .   H - +3 scale mail "Ucliwn" {Rampage rCorr Stlth+}
rPois    ∞         Reflect  .   n - +0 helmet
rElec    +         Harm     .   C - +0 cloak
rCorr    +         Rampage  +   g - +0 pair of gloves
Will     .....                  I - +0 pair of boots
Stlth    ++........             (no amulet)
HPRegen  0.17/turn              d - ring of resist corrosion
MPRegen  0.12/turn              (no ring)

@: about to teleport
A: sickness immunity, AC +6, negative energy resistance 1, electricity
resistance, torment resistance 1, petrification resistance
a: no special abilities


You were on level 7 of the Dungeon.
You visited 2 branches of the dungeon, and saw 9 of its levels.

You collected 313 gold pieces.

Inventory:

Hand Weapons
 o - a +0 hunting sling
 y - a +0 morningstar
 A - a +1 whip of distortion
 F - a +6 flail (weapon)
 G - a +4 mace
Missiles
 a - 7 javelins
 c - 14 boomerangs
 f - 175 stones
 h - 52 poisoned darts (quivered)
 u - 11 sling bullets
Armour
 b - a +0 leather armour
 g - a +0 pair of gloves (worn)
 n - a +0 helmet (worn)
 B - a +0 plate armour
 C - a +0 cloak (worn)
 H - the +3 scale mail "Ucliwn" (worn) {Rampage rCorr Stlth+}
   (You took it off an orc on level 5 of the Dungeon)

   rCorr:     It protects you from acid and corrosion.
   Rampage:   It bestows one free step when moving towards enemies.
   Stlth:     It makes you more stealthy.
 I - a +0 pair of boots (worn)
 K - a +1 robe of willpower
Jewellery
 d - a ring of resist corrosion (left hand)
Scrolls
 i - 3 scrolls of teleportation
 p - a scroll of noise {unknown}
 q - a scroll of fear {unknown}
 s - 2 scrolls of enchant weapon
 v - a scroll of immolation {unknown}
 w - 2 scrolls of magic mapping
 x - a scroll of brand weapon {unknown}
 z - 2 scrolls of fog {unknown}
 E - a scroll of blinking {unknown}
 J - a scroll of enchant armour {unknown}
Potions
 j - 6 potions of might {unknown}
 k - a potion of magic {unknown}
 l - 3 potions of haste {unknown}
 m - a potion of lignification {unknown}
 r - 3 potions of brilliance {unknown}
 t - 2 potions of curing
 D - a potion of resistance {unknown}
Miscellaneous
 e - a piece from Xom's chessboard (15/15)


   Skills:
 + Level 4.1 Fighting
 + Level 7.6 Maces & Flails
 + Level 4.6 Throwing
 + Level 5.3 Armour
 + Level 3.5 Dodging
 + Level 3.2 Stealth
 + Level 1.8 Spellcasting
 + Level 1.3 Translocations
 + Level 3.8 Evocations


You had 8 spell levels left.
You knew the following spells:

 Your Spells              Type           Power      Damage    Failure   Level
a - Apportation           Tloc           8%         N/A       41%         1
b - Blink                 Tloc           N/A        N/A       56%         2

Your spell library contained the following spells:

 Spells                   Type           Power      Damage    Failure   Level
 Animate Skeleton         Necr           2%         N/A       61%         1
 Corona                   Hex            1%         N/A       61%         1
 Foxfire                  Conj/Fire      4%         2x1d4     61%         1
 Summon Small Mammal      Summ           4%         N/A       61%         1
 Lesser Beckoning         Tloc           2%         N/A       80%         3
 Portal Projectile        Hex/Tloc       4%         N/A       87%         3
 Call Canine Familiar     Summ           1%         N/A       93%         3
 Conjure Flame            Conj/Fire      1%         6-21      93%         3
 Inner Flame              Hex/Fire       1%         N/A       93%         3
 Leda's Liquefaction      Hex/Erth       0%         N/A       100%        4
 Manifold Assault         Tloc           4%         N/A       100%        5
 Storm Form               Tmut/Air       0%         N/A       100%        7


Dungeon Overview and Level Annotations

Branches:
Dungeon (8/15)             Temple (1/1) D:4
   Lair: D:8-11

Altars:
Ashenzari
Cheibriados
Dithmenos
Elyvilon
Fedhas
Gozag
Hepliaklqana
Makhleb
Nemelex Xobeh
Qazlal
Ru
Sif Muna
Trog
Uskayaw
Wu Jian
Zin
The Shining One
Beogh

Portals:
Abyss: D:3

Annotations:
D:5 Destapler's ghost, novice MiFi
D:7 Harold


Innate Abilities, Weirdness & Mutations

You are immune to sickness and miasma.
Your stone body is resilient. (AC +6)
You are immune to poison.
You resist negative energy. (rN+)
You are resistant to electric shocks. (rElec)
You are resistant to unholy torment.
You are immune to petrification.


Message History

You hear an angry buzzing noise.
The killer bee stings you.
You hear an angry buzzing noise.
You hear a shout!
The killer bee rages.
The killer bee barely misses you.
The killer bee rages.
The killer bee stings you.
The killer bee stings you but does no damage.
The killer bee stings you but does no damage.
The queen bee stings you. The killer bee stings you.
There is a stone staircase leading up here.
The killer bee stings you. The killer bee barely misses you.
The killer bee closely misses you. The killer bee stings you.
The queen bee calls on the killer bee to defend it!
The killer bee goes berserk!
The killer bee stings you but does no damage.
The killer bee stings you!
The killer bee stings you but does no damage.
You climb upwards.
Level annotation: Harold
There is a stone staircase leading down here.
Casting: Blink (dangerous; 56% risk of failure)
Confirm with . or Enter, or press ? or * to list all spells.
You blink.
You hear an angry buzzing noise.
As you read the scroll of teleportation, it crumbles to dust.
You feel strangely unstable.
The killer bee stings you but does no damage. x2
The killer bee stings you.
* * * LOW HITPOINT WARNING * * *
The killer bee rages.
The killer bee stings you!
* * * LOW HITPOINT WARNING * * *
The killer bee stings you but does no damage.
The queen bee calls on the killer bee to defend it!
The killer bee goes berserk!
The killer bee barely misses you. The killer bee barely misses you.
You hear an angry buzzing noise.
The killer bee stings you.
You die...

...##..##..#...y.#...........####
...........#....>'...............
#####......#####'#...............
...######..##...y#...............
...##..##........#...............
....'............#...............
....#............'...............
...##..##......yy#...............
...##..##..##...@#...........####
.......#...##....#...........#
.......#...#.....#...........#
.......#...#.....'...........####
...##..#...##....#...............
...##'###..#######...............
...#....#...# #...............
...#....#...# #...............
##)#....#..## #...........####


You could see a queen bee (poisoned) and 2 killer bees.

Vanquished Creatures
  Menkaure (D:7)
  A hornet zombie (D:7)
  3 orc warriors
  2 necrophages
  An ogre (D:6)
  A centaur (D:6)
  A phantom (D:4)
  A kobold brigand (D:7)
  The ghost of moritonal the Conjurer, an amateur DECj (D:3)
  A bullfrog (D:4)
  4 scorpions
  A water moccasin skeleton (D:6)
  8 killer bees
  3 wights (D:6)
  A howler monkey (D:4)
  A crimson imp (D:3)
  A centaur zombie (D:7)
  3 hounds
  A quasit (D:3)
  A jelly (D:4)
  2 centaur skeletons (D:6)
  4 orc priests
  3 orc wizards (D:7)
  4 iguanas
  Robin (D:2)
  6 gnolls
  5 adders
  2 white imps
  2 ufetubi
  3 worms
  27 orcs
  9 endoplasms
  A giant cockroach (D:4)
  5 goblins
  4 hobgoblins
  5 jackals
  3 quokkas
  11 ball pythons
  7 bats
  2 frilled lizards (D:3)
  6 kobolds
  5 rats (D:1)
154 creatures vanquished.

Vanquished Creatures (collateral kills)
  An orc wizard (D:3)
  2 orcs (D:3)
  A ball python (D:2)
  3 goblins (D:2)
  2 hobgoblins (D:2)
  5 jackals (D:2)
  A quokka (D:2)
15 creatures vanquished.

Vanquished Creatures (others)
  A crimson imp (D:3)
  A gnoll (D:4)
  An adder (D:2)
  An orc (D:3)
  A hobgoblin (D:2)
  A jackal (D:2)
  A bush (D:4)
  8 plants
15 creatures vanquished.

Grand Total: 184 creatures vanquished

Notes
Turn   | Place    | Note
-------+----------+-------------------------------------------
     0 | D:1      | Elvor the Gargoyle Artificer began the quest for the Orb.
     0 | D:1      | Reached XP level 1. HP: 12/12 MP: 1/1
   623 | D:1      | Reached XP level 2. HP: 16/16 MP: 2/2
  1120 | D:2      | Noticed Robin
  1162 | D:2      | Killed Robin
  1242 | D:2      | Reached XP level 3. HP: 20/20 MP: 3/3
  1557 | D:2      | Learned a level 1 spell: Apportation
  2114 | D:3      | Reached skill level 1 in Maces & Flails
  2169 | D:3      | Reached XP level 4. HP: 23/26 MP: 4/4
  2378 | D:3      | Found a faded altar of an unknown god.
  2615 | D:3      | Found a transporter.
  2632 | D:3      | Found a transporter.
  2654 | D:3      | Reached skill level 1 in Dodging
  2697 | D:3      | Found a one-way gate to the infinite horrors of the Abyss.
  2721 | D:3      | Noticed moritonal's ghost (amateur DECj)
  2944 | D:3      | Reached XP level 5. HP: 30/30 MP: 6/6
  3023 | D:3      | Learned a level 2 spell: Blink
  3183 | D:4      | Found a sacrificial altar of Ru.
  3210 | D:4      | Reached skill level 2 in Maces & Flails
  3210 | D:4      | Reached skill level 1 in Spellcasting
  3465 | D:4      | Found a staircase to the Ecumenical Temple.
  3472 | Temple   | Entered the Ecumenical Temple
  3774 | D:4      | Reached XP level 6. HP: 35/35 MP: 7/7
  3934 | D:4      | Reached skill level 1 in Throwing
  4469 | D:4      | Reached skill level 3 in Maces & Flails
  4894 | D:5      | Entered Level 5 of the Dungeon
  5027 | D:5      | Found a runed translucent gate.
  5028 | D:5      | Found a runed translucent gate.
  5029 | D:5      | Found a runed translucent gate.
  5030 | D:5      | Identified the +3 scale mail "Ucliwn" {Rampage rCorr
                  | Stlth+}
  5031 | D:5      | Noticed Destapler's ghost (novice MiFi)
  5064 | D:5      | Reached skill level 4 in Maces & Flails
  5064 | D:5      | Reached XP level 7. HP: 39/40 MP: 8/8
  5103 | D:5      | Found a shadowy altar of Dithmenos.
  6618 | D:6      | Reached XP level 8. HP: 42/45 MP: 8/10
  6677 | D:6      | Reached skill level 5 in Maces & Flails
  6937 | D:6      | Reached skill level 6 in Maces & Flails
  7205 | D:6      | Found an ornate altar of the Wu Jian Council.
  7341 | D:3      | Killed moritonal's ghost
  7487 | D:5      | Reached XP level 9. HP: 30/52 MP: 11/11
  8441 | D:7      | Reached skill level 1 in Translocations
  8467 | D:7      | Noticed Menkaure
  8477 | D:7      | Killed Menkaure
  8478 | D:7      | Reached skill level 7 in Maces & Flails
  8526 | D:7      | Noticed Harold
  8528 | D:7      | Paralysed by Harold for 7 turns
  8972 | D:7      | Found a broken altar of Ashenzari.
  8986 | D:7      | Reached skill level 5 in Armour
  9589 | D:8      | Found a glowing silver altar of Zin.
  9603 | D:8      | Noticed a gargoyle
  9611 | D:8      | Noticed a queen bee
  9635 | D:7      | Slain by a killer bee

Illustrated notes

Levels and vault maps discovered:
D:1:      tarquinn_simple_flora_water_a, layout_basic
D:2:      layout_basic, uniq_robin
D:3:      layout_basic, shapermc_ecumenical_altar_starsandcircs,
          gammafunk_ghost_abyssal_escape, minmay_hedge_maze
D:4:      layout_loops_corners, overflow_temple_1_default,
          minmay_temple_entry_hall, serial_forest, infiniplex_forest_corner_2,
          infiniplex_forest_straight_1, infiniplex_forest_lined_room_3,
          infiniplex_forest_clump_double, infiniplex_forest_lined_2,
          infiniplex_forest_straight_3, infiniplex_forest_lined_corner,
          infiniplex_forest_end_3, chequers_serial_rivers_micro_a
D:5:      layout_basic, nicolae_dithmenos_shadow_blocks,
          biasface_ghost_orc_armoury
D:6:      layout_basic, nicolae_wu_jian_glorious_leap
D:7:      layout_gridville, cheibrodos_ashenzari_chains, uniq_menkaure,
          uniq_harold
D:8:      layout_cave_pools, mainiacjoe_overflow_two_lobes, old_standard_altar,
          lemuel_mausoleum_altar_yredelemnul, lair_entry_dummy, special_room
          [special_room_orc], nicolae_looking_at_the_future
Temple:   hc_temple_tempest_star

Skill      XL: |  1  2  3  4  5  6  7  8  9 |
---------------+----------------------------+-----
Evocations     | 3 |  3.8
Maces & Flails | 1 2 4 6 7 |  7.6
Dodging        | 1 2 3 |  3.5
Armour         | 3 4 5 |  5.3
Spellcasting   | 1 |  1.8
Throwing       | 1 2 4 |  4.6
Fighting       | 2 3 4 |  4.1
Stealth        | 2 3 |  3.2
Translocations | 1 |  1.3

Action                   |  1- 3 |  4- 6 |  7- 9 || total
-------------------------+-------+-------+-------++-------
Melee: Club              |    31 |       |       ||    31
       Mace              |    95 |     7 |       ||   102
       Flail             |       |   158 |   295 ||   453
Throw: Stone             |     6 |       |       ||     6
       Dart              |     2 |    51 |   114 ||   167
 Cast: Apportation       |       |     4 |       ||     4
       Blink             |       |       |     5 ||     5
Evoke: Wand              |    22 |     8 |     8 ||    38
       Piece from Xom's  |       |     1 |     2 ||     3
  Use: Scroll            |       |     1 |     4 ||     5
       Potion            |       |       |     2 ||     2
 Stab: Sleeping          |     1 |     1 |       ||     2
       Paralysed         |       |       |     7 ||     7
Armor: Leather armour    |    16 |    68 |    89 ||   173
       Chain mail        |    74 |     3 |       ||    77
       Scale mail        |       |       |   133 ||   133
Dodge: Dodged            |    66 |   137 |   204 ||   407
